Map: 10000 Feet LE

Players

Millea - Winner!

  • Race: Terran Terran
  • Spawn Location: 5:00

JoburgTaxi - Winner!

  • Race: Terran Terran
  • League: Platinum
  • Spawn Location: 11:00

A.I. 2 (Very Easy)

  • Race: Zerg Zerg

VOD

Have the link to the VOD?

Description

Neinet's 3Rax TvZ build

Time

  • Played on: Dec. 3, 2025, 11:58 a.m.
  • Length: 8:25
Show
View Real Time Build Order
Export as new Build Order

Millea Terran - Winner!

Build Orders: Reaper Expand 

Get SALT Encoding   

  12  0:00  SCV  
  13  0:12  SCV  
  14  0:17  Supply Depot  
  14  0:24  SCV  
  15  0:38  SCV  
  15  0:39  Barracks  
  16  0:43  Refinery  
  16  0:51  SCV  
  17  1:03  SCV  
  18  1:15  SCV  
  19  1:26  Reaper  
  19  1:27  Orbital Command  
  20  1:39  Command Center  
  20  1:48  Engineering Bay  
  20  1:52  SCV  
  21  1:58  Barracks Reactor  
  21  2:02  Supply Depot  
  21  2:04  SCV  
  22  2:14  Barracks  
  22  2:16  SCV  
  23  2:25  Barracks  
  23  2:29  SCV  
  24  2:34  Terran Infantry Weapons Level 1  
  24  2:36  Marine  
  25  2:39  Marine  
  25  2:41  SCV  
  27  2:51  Orbital Command  
  27  2:54  Marine, SCV  
  27  2:57  Marine  
  30  3:01  Barracks Tech Lab  
  30  3:06  SCV  
  31  3:13  Barracks Tech Lab  
  31  3:16  SCV  
  31  3:18  SCV  
  31  3:19  Stimpack  
  33  3:20  Marine  
  33  3:22  Marine  
  33  3:24  Marine  
  36  3:28  Supply Depot  
  36  3:30  SCV  
  36  3:31  Marine  
  36  3:32  SCV  
  39  3:38  Marine  
  39  3:40  Marine  
  41  3:42  Marine, SCV  
  41  3:45  SCV  
  44  3:50  Marine  
  44  3:51  Supply Depot  
  44  3:54  SCV, Combat Shield  
  46  3:56  Marine  
  46  3:57  SCV  
  46  3:58  Marine  
  46  4:00  Marine  
  50  4:06  SCV  
  50  4:08  Refinery  
  52  4:10  Marine, Refinery, SCV  
  52  4:13  Marine  
  52  4:15  Supply Depot  
  52  4:16  Marine  
  55  4:18  Marine, SCV  
  55  4:22  SCV  
  58  4:28  Marine  
  58  4:30  SCV  
  60  4:31  Marine  
  60  4:32  Factory  
  60  4:34  SCV  
  60  4:36  Marine x2  
  64  4:45  Marine  
  64  4:46  Command Center  
  64  4:48  SCV x2  
  64  4:49  Marine  
  68  4:54  Marine, Terran Infantry Armor Level 1  
  68  4:56  Marine  
  68  4:59  Supply Depot  
  70  5:05  SCV  
  70  5:15  Starport  
  70  5:16  Factory Reactor  
  70  5:20  Marine x4, SCV x2  
  76  5:22  Supply Depot  
  76  5:25  Concussive Shells  
  76  5:32  SCV x2  
  76  5:35  Armory  
  78  5:36  Engineering Bay  
  78  5:43  Marine x4  
  78  5:44  Supply Depot  
  78  5:47  Refinery  
  82  5:55  SCV x2  
  84  5:58  Supply Depot  
  84  5:59  Medivac x2  
  84  6:00  Factory Tech Lab  
  84  6:01  Marine x4  
  84  6:02  Orbital Command  
  92  6:07  SCV x2  
  94  6:16  Supply Depot  
  94  6:18  Marine x3  
  94  6:19  Marine  
  94  6:20  Supply Depot  
  98  6:26  Terran Vehicle Weapons Level 1  
  98  6:29  Medivac  
  100  6:36  Marine x4  
  100  6:37  Orbital Command  
  100  6:38  Medivac  
  100  6:39  SCV  
  107  6:40  SCV  
  108  6:52  SCV x2  
  110  6:55  Marauder  
  110  6:57  Marine  
  110  6:58  Marine, Marauder  
  116  7:04  SCV x2  
  118  7:12  SCV  
  118  7:15  Medivac x2  
  121  7:16  SCV x2, Marauder  
  121  7:20  Marine x2  
  121  7:21  Marauder  
  131  7:24  SCV  
  131  7:26  Barracks  
  131  7:27  Barracks  
  132  7:33  Barracks  
  132  7:34  Barracks  
  132  7:35  Barracks  
  132  7:36  Barracks  
  132  7:40  Supply Depot  
  132  7:42  Marine  
  133  7:59  Refinery  
  133  8:00  Refinery  
  133  8:01  Marine  
  133  8:02  Marauder  
  133  8:05  Supply Depot  
  139  8:06  Supply Depot  
Show
View Real Time Build Order
Export as new Build Order

JoburgTaxi Terran - Winner!

Build Orders:  

Get SALT Encoding   

  12  0:01  Drone  
  13  0:12  Overlord  
  13  0:16  Drone  
  14  0:34  Spawning Pool  
  13  0:37  Drone  
  13  0:41  Extractor  
  13  0:44  Drone  
  14  0:51  Overlord  
  14  1:21  Zergling x2  
  14  1:24  Queen  
  17  1:31  Roach Warren  
  16  1:35  Drone  
  17  1:40  Extractor, Zergling x2  
  17  1:43  Drone  
  18  1:56  Drone  
  18  1:58  Zergling x2  
  20  2:07  Drone  
  21  2:17  Drone  
  22  2:28  Drone  
  23  2:30  Overlord  
  23  2:35  Drone  
  24  2:42  Drone  
  25  5:03  Zergling x2  
  23  5:07  Queen, Overlord  
  23  5:13  Drone, Overlord  
  14  5:20  Drone  
  12  5:27  Drone  
  12  5:31  Zergling x2  
  12  5:34  Drone  
  14  5:41  Drone  
  15  5:49  Drone  
  16  5:50  Zergling x2  
  16  5:52  Overlord, Lair  
  16  5:56  Drone  
  18  6:03  Drone  
  19  6:10  Drone  
  20  6:17  Drone  
  21  6:19  Roach  
  21  6:25  Drone  
  24  6:32  Drone  
  25  6:39  Drone  
  26  6:46  Drone  
  27  6:48  Overlord  
  27  6:49  Overseer  
  27  6:52  Overseer  
  27  6:53  Drone  
  28  7:00  Drone  
  29  7:02  Roach  
  29  7:08  Drone  
  32  7:15  Drone  
  33  7:38  Zergling x2  
  28  7:44  Overseer  
  28  7:46  Overlord  
  28  7:48  Overlord  
  28  7:50  Overlord  
Show
View Real Time Build Order
Export as new Build Order

A.I. 2 (Very Easy) Zerg 

Build Orders:  

Get SALT Encoding   

Tags
 
Add a new tag
Caveats
  • Supply blocks, unpowered buildings, or Contaminate may cause inaccurate times.
  • Supply counts are checked every 10 seconds.